 Dungeon Crawl Stone Soup version 0.31.0-11-ge490571c62 (webtiles) character file.

Game seed: 6396932635300715392

3 Skitler the Poker (level 1, -1/16 (20) HPs)
             Began as a Gnoll Reaver on Jan 30, 2024.
             Slain by a rat (3 damage)
             ... on level 1 of the Dungeon.
             The game lasted 00:00:24 (136 turns).

Skitler the Poker (Gnoll Reaver)                     Turns: 136, Time: 00:00:25

HP:   -1/16 (20)    AC:  0    Str: 11    XL:     1   Next: 50%
MP:   6/6           EV: 10    Int: 12    God:
Gold: 8             SH:  0    Dex: 10    Spells: 8/9 levels left

rFire   . . .        a - +0 spear
rCold   . . .        (no shield)
rNeg    . . .        (no body armour)
rPois   .            (no helmet)
rElec   .            (no cloak)
rCorr   .            (no gloves)
SInv    .            (no boots)
Will    .....        (no amulet)
Stlth   +            (no ring)
HPRegen 0.22/turn    (no ring)
MPRegen 0.10/turn

%: no passive effects
@: constricted, heavily drained
A: fangs 1, strong nose, distributed training
a: no special abilities


You were on level 1 of the Dungeon.
You visited 1 branch of the dungeon, and saw 1 of its levels.

You collected 8 gold pieces.

Inventory:

Hand Weapons
 a - a +0 spear (weapon)
Armour
 b - a +0 leather armour
Scrolls
 d - a scroll of identify {unknown}
Potions
 c - a potion of brilliance {unknown}
 e - a potion of heal wounds {unknown}


   Skills:
 + Level 4.4 Fighting
 + Level 0.0 Short Blades
 + Level 0.0 Long Blades
 + Level 0.0 Axes
 + Level 0.0 Maces & Flails
 + Level 6.4 Polearms
 + Level 0.0 Staves
 + Level 0.0 Ranged Weapons
 + Level 0.0 Throwing
 + Level 0.0 Armour
 + Level 4.4 Dodging
 + Level 0.0 Stealth
 + Level 0.0 Shields
 + Level 0.0 Unarmed Combat
 + Level 4.8 Spellcasting
 + Level 5.3 Conjurations
 + Level 0.0 Hexes
 + Level 0.0 Summonings
 + Level 0.0 Necromancy
 + Level 0.0 Translocations
 + Level 0.0 Fire Magic
 + Level 0.0 Ice Magic
 + Level 0.0 Air Magic
 + Level 0.0 Earth Magic
 + Level 0.0 Alchemy
 + Level 0.1 Invocations
 + Level 0.0 Evocations
 + Level 0.0 Shapeshifting


You had 8 spell levels left.
You knew the following spells:

 Your Spells              Type           Power      Damage    Failure   Level
a - Kiss of Death         Conj/Necr      36%        2d8       7%          1

Your spell library contained the following spells:

 Spells                   Type           Power      Damage    Failure   Level
 Momentum Strike          Conj/Tloc      18%        3d8       10%         2
 Hailstorm                Conj/Ice       9%         3d6       21%         3


Dungeon Overview and Level Annotations

Branches:
Dungeon (1/15)

Altars:


Innate Abilities, Weirdness & Mutations

You have very sharp teeth.
Your uncanny sense of smell can sniff out nearby items.
Your experience applies equally to all skills.


Message History

You continue taking off your +0 leather armour.
The ball python bites you but does no damage.
The ball python grabs you. The ball python constricts you.
The ball python barely misses you. The ball python constricts you.
The rat bites you.
You continue taking off your +0 leather armour.
The ball python closely misses you. The ball python constricts you.
The rat closely misses you.
You continue taking off your +0 leather armour.
The ball python bites you but does no damage.
The ball python constricts you. The rat closely misses you.
You continue taking off your +0 leather armour.
The ball python closely misses you. The ball python constricts you.
The rat bites you but does no damage.
You finish taking off your +0 leather armour.
Unknown command.
Unknown command.
Unknown command.
There are monsters nearby!
There are monsters nearby!
There are monsters nearby!
The ball python barely misses you. The ball python constricts you.
The rat closely misses you. The ball python barely misses you.
The ball python constricts you. The ball python bites you.
The ball python constricts you. The rat closely misses you.
The ball python barely misses you. The ball python constricts you.
The rat barely misses you. The ball python bites you.
* * * LOW HITPOINT WARNING * * *
The ball python constricts you.
* * * LOW HITPOINT WARNING * * *
The rat barely misses you. The ball python barely misses you.
The ball python constricts you.
* * * LOW HITPOINT WARNING * * *
The rat misses you. The ball python barely misses you.
The ball python constricts you.
* * * LOW HITPOINT WARNING * * *
The rat bites you.
You die...

#. .. #. .#
#.#.#
########
####.#.#
≈≈≈≈≈≈≈#
....#.#
≈≈.≈≈≈≈#.
#..#.#
.....≈≈≈.
#..rS#
.....≈≈≈.
#.@.#
.....≈≈≈.
#...#
.<.≈.≈≈≈.
#...#
...≈~≈≈≈.
#...#
...~≈≈≈≈.
#...#
...≈≈≈≈≈.#.
#...#
..≈≈≈≈≈#.#.#
#...#
(#######+#.#
#...# ##
#....# #...#


You could see a ball python and a rat.

Vanquished Creatures
  2 bats (D:1)
  An endoplasm (D:1)
3 creatures vanquished.

Notes
Turn   | Place    | Note
-------+----------+-------------------------------------------
     0 | D:1      | Skitler the Gnoll Reaver began the quest for the Orb.
     0 | D:1      | Reached XP level 1. HP: 20/20 MP: 6/6
   136 | D:1      | Slain by a rat

Illustrated notes

Levels and vault maps discovered:
D:1:      dpeg_arrival_pond, layout_basic

Action                     || total
---------------------------++-------
  Melee: Spear             ||     5
   Cast: Kiss of Death     ||     1
 Armour: Leather armour    ||     6
         Skin              ||     3
  Dodge: Dodged            ||    19
